 Dungeon Crawl Stone Soup version 0.28-a0-537-g3bccd9ccbf (webtiles) character file.

Game seed: 173760626271285572

175 lunkers the Skirmisher (level 5, -1/41 HPs)
             Began as a Djinni Cinder Acolyte on Sept 27, 2021.
             Was a High Priest of Ignis.
             Slain by an orc wizard (3 damage)
             ... on level 3 of the Dungeon.
             The game lasted 00:03:53 (3505 turns).

lunkers the Skirmisher (Djinni Cinder Acolyte)      Turns: 3505, Time: 00:03:53

Health: -1/41      AC:  2    Str: 13    XL:     5   Next: 86%
Gold:   111        EV: 11    Int: 16    God:    Ignis [*****.] SH:  0 Dex:  9

rFire   + + +      SeeInvis .   d - +1 short sword (venom)
rCold   x . .      Faith    .   (no shield)
rNeg    . . .      Spirit   .   b - +0 robe
rPois   ∞          Reflect  .   (no helmet)
rElec   .          Harm     .   (no cloak)
rCorr   .          Rampage  .   (no gloves)
Will    .....                   (boots unavailable)
Stlth   +.........              (no amulet)
HPRegen 0.13/turn               (no ring)
MPRegen 0.00/turn               (no ring)

@: flying
A: sickness immunity, fire resistance 2, cold vulnerability 1, float, innate
caster, hp casting, extra vitality 1
a: Renounce Religion, Sea of Fire, Foxfire Swarm, Rising Flame


You were on level 3 of the Dungeon.
You worshipped Ignis.
Ignis was extremely pleased with you.
You visited 1 branch of the dungeon, and saw 3 of its levels.

You collected 111 gold pieces.

Inventory:

Hand Weapons
 a - a -1 falchion of flaming
 d - a +1 short sword of venom (weapon)
Armour
 b - a +0 robe (worn)
Jewellery
 g - a ring of fire
Scrolls
 c - a scroll of amnesia {unknown}
 e - a scroll of fog {unknown}
 f - 3 scrolls of identify {unknown}
 h - a scroll of blinking {unknown}
Potions
 i - a potion of haste {unknown}


   Skills:
 + Level 4.2 Fighting
 - Level 2.6 Long Blades
 * Level 4.1 Spellcasting


You had 7 spell levels left.
You knew the following spells:

 Your Spells              Type           Power      Damage    Failure   Level
a - Scorch                Fire           32%        2d6       4%          2
b - Animate Skeleton      Necr           32%        N/A       3%          1
c - Slow                  Hex            16%        N/A       4%          2
Your spell library was empty.

Dungeon Overview and Level Annotations

Branches:
Dungeon (3/15)

Altars:
Xom


Innate Abilities, Weirdness & Mutations

You are immune to sickness and miasma.
You are immune to poison.
Your flesh is very heat resistant. (rF++)
You are vulnerable to cold. (rC-)
You float through the air rather than walking.
You learn spells naturally, not from books.
Your magical power is your life essence.
You have superior vitality. (+4 HP)


Message History

Something hits you.
* * * LOW HITPOINT WARNING * * *
Unknown command.
Casting: Scorch (safe; 4% risk of failure)
Press: ? - help, Q - select action, (/) - cycle Dir - look around, f - activate Flames lash something.
* * * LOW HITPOINT WARNING * * *
Something barely misses you. Something hits you but does no damage.
Unknown command.
Casting: Scorch (safe; 4% risk of failure)
Press: ? - help, Q - select action, (/) - cycle Dir - look around, f - activate Flames lash something.
Reactivating autopickup.
You feel a bit more experienced.
* * * LOW HITPOINT WARNING * * *
Something hits you.
* * * LOW HITPOINT WARNING * * *
Deactivating autopickup; reactivate with Ctrl-A.
Unknown command.
Casting: Scorch (safe; 4% risk of failure)
Press: ? - help, Q - select action, (/) - cycle Dir - look around, f - activate Flames lash the orc.
The orc is almost dead.
The orc's fire resistance burns away.
* * * LOW HITPOINT WARNING * * *
Something hits you.
* * * LOW HITPOINT WARNING * * *
Casting: Scorch (safe; 4% risk of failure)
Press: ? - help, Q - select action, (/) - cycle Dir - look around, f - activate Flames lash the orc.
The orc is burned terribly!
You kill the orc!
* * * LOW HITPOINT WARNING * * *
Something hits you.
* * * LOW HITPOINT WARNING * * *
Casting: Scorch (safe; 4% risk of failure)
Press: ? - help, Q - select action, (/) - cycle Dir - look around, f - activate Flames lash something.
* * * LOW HITPOINT WARNING * * *
Something hits you.
You die...

##.# ##.# ##.# ...#
#### # #
############### #
#.............########
#.#####.###...@{)....#
#.#####.# #..)######.#
#.##....# #####
###.##.##.#
.......##.#
..........#
.#.......## .#......##
........#


There were no monsters in sight!

Vanquished Creatures
  An orc priest (D:3)
  An orc wizard (D:3)
  Natasha (D:3)
  4 adders
  A worm (D:2)
  A dart slug (D:1)
  5 orcs (D:3)
  5 endoplasms
  2 goblins
  3 hobgoblins (D:1)
  7 jackals (D:1)
  2 kobolds (D:1)
  A quokka (D:2)
  5 ball pythons
  7 bats
  2 frilled lizards
48 creatures vanquished.

Vanquished Creatures (others)
  2 plants (D:1)
2 creatures vanquished.

Grand Total: 50 creatures vanquished

Notes
Turn   | Place    | Note
-------+----------+-------------------------------------------
     0 | D:1      | lunkers the Djinni Cinder Acolyte began the quest for the
                  | Orb.
     0 | D:1      | Reached XP level 1. HP: 20/20 MP: 0/0
   109 | D:1      | Found a faded altar of an unknown god.
   391 | D:1      | Reached XP level 2. HP: 21/25 MP: 0/0
  1125 | D:1      | Reached XP level 3. HP: 26/30 MP: 0/0
  1125 | D:1      | Learned a level 1 spell: Animate Skeleton
  2002 | D:2      | Reached XP level 4. HP: 27/35 MP: 0/0
  2799 | D:3      | Found a shimmering altar of Xom.
  2917 | D:3      | Noticed Natasha
  2920 | D:3      | Killed Natasha
  2921 | D:3      | Reached XP level 5. HP: 34/41 MP: 0/0
  2921 | D:3      | Learned a level 2 spell: Slow
  3505 | D:3      | Slain by an orc wizard

Illustrated notes

Levels and vault maps discovered:
D:1:      lightli_arrival_statuegarden, layout_loops_ring,
          ebering_ecumenical_altar_sacrificial, serial_bayou_crossing
D:2:      layout_loops_ring
D:3:      layout_loops_cross, xom_butterflies, serial_shops, shop,
          hangedman_abyss_or_decor_lesser_grid, uniq_natasha

Skill      XL: |  1  2  3  4  5 |
---------------+----------------+-----
Spellcasting   | 3 4 |  4.1
Fighting       | 4 |  4.2
Long Blades    | |  2.6

Action                   |  1- 3 |  4- 6 || total
-------------------------+-------+-------++-------
Melee: Falchion          |     9 |       ||     9
       Short sword       |    44 |    36 ||    80
 Cast: Scorch            |    27 |    21 ||    48
Armor: Robe              |    18 |    10 ||    28
Dodge: Dodged            |    42 |    25 ||    67

Table legend: (Time is in decaauts)
 A = Elapsed time spent in this place.
 B = Non-inter-level travel time spent in this place.
 C = Inter-level travel time spent in this place.
 D = Time resting spent in this place.
 E = Time spent auto-exploring this place.
 F = Levels seen in this place.
 G = Mean time per level.
                   A        B        C        D        E       F      G
               +--------+--------+--------+--------+--------+-----+--------+
         Total |   3507 |   3434 |     73 |      0 |   3097 |   3 | 1169.0 |
       Dungeon |   3507 |   3434 |     73 |      0 |   3097 |   3 | 1169.0 |
               +--------+--------+--------+--------+--------+-----+--------+

Top non-repeatable levels by time:
     D:1: 1798 daAuts
     D:2: 1003 daAuts
     D:3: 706 daAuts
